 Dungeon Sprint DCSS version 0.29-a0-284-gf9362112df (webtiles) character file.

Game seed: 6432819252567881409

445672 mhtbhm the Conqueror (level 19, -35/310 HPs)
             Began as a Minotaur Berserker on Mar 30, 2022.
             Was the Champion of Trog.
             Killed from afar by Usuggu the pandemonium lord (104 damage)
             ... with a great icy blast
             ... while paralysed by you
             ... in the Dungeon (Sprint III: "The Ten Rune Challenge") on Mar 31, 2022.
             The game lasted 00:53:02 (15836 turns).

mhtbhm the Conqueror (Minotaur Berserker)          Turns: 15836, Time: 00:53:02

Health: -35/310    AC: 12    Str: 36    XL:     19   Next: 0%
Magic:  16/16      EV:  5    Int:  4    God:    Trog [******]
Gold:   4664       SH:  0    Dex: 10    Spells: 18/18 levels left

rFire   + + .      SeeInvis .   (weapon currently unavailable)
rCold   x . .      Faith    +   (shield currently unavailable)
rNeg    + + +      Spirit   .   (body armour currently unavailable)
rPois   +          Reflect  .   (helmet currently unavailable)
rElec   +          Harm     +   (cloak currently unavailable)
rCorr   .          Rampage  .   (gloves currently unavailable)
Will    .....      NoTele   +   (boots currently unavailable)
Stlth   ..........              D - amulet "Goitara" {Faith Harm rF++ Regen+ Stlth-}
HPRegen 1.41/turn               Q - ring "Asasulytta" {Fly EV+4}
MPRegen 0.15/turn               M - ring of Muzisaq {rElec rC- rN+++ Will- Str+6}

@: paralysed, agile, berserking (expiring), fungus-form, frozen, flying, slowed,
studying Maces & Flails, invisible, very slow
A: melee confuse, terrified, no casting, tiny, (horns 2), (retaliatory
headbutt), (talons 1), deterioration 1, low MP 1, (poison resistance), evolution
1
0: Orb of Zot
}: 10/10 runes: serpentine, barnacled, slimy, silver, golden, iron, obsidian,
icy, bone, demonic
a: Renounce Religion, Berserk, Trog's Hand, Brothers in Arms


You were in the Dungeon.
You worshipped Trog.
Trog was exalted by your worship.
You were a sentient fungus.
You visited 1 branch You collected 8834 gold pieces.
You spent 4170 gold pieces at shops.

Inventory:

Hand Weapons
 a - the +11 demon blade of Olouqim (melded) {flame, rElec rC+++ Will- rCorr}
   (Trog gifted it to you in the Dungeon)

   It burns those it strikes, dealing additional fire damage.
   Big, fiery blades are also staple armaments of hydra-hunters.
   rC:        It renders you almost immune to cold.
   rElec:     It insulates you from electricity.
   rCorr:     It protects you from acid and corrosion.
   Will:      It decreases your willpower.
 n - a +7 double sword of holy wrath
 y - a +4 trishula of holy wrath
 A - a +8 antimagic great sword
 T - the +7 Singing Sword {vorpal, sonic wave}
   (You found it in the Dungeon)

   It inflicts extra damage upon your enemies.
   It radiates damaging sonic waves as it strikes, especially in combat
   involving dangerous or numerous foes.
Missiles
 B - 7 curare-tipped darts
 H - 11 silver javelins
Armour
 b - the +4 plate armour of the Big Bang (melded) {+Blink rPois Regen+ rCorr}
   (You found it in the Dungeon)

   rPois:     It protects you from poison.
   +Blink:    It lets you blink.
   Regen:     It increases your rate of health regeneration.
   rCorr:     It protects you from acid and corrosion.
 i - the +3 pair of gauntlets of War (melded) {Slay+5}
   (You acquired it in the Dungeon)

   Slay:      It affects your accuracy & damage with ranged weapons and melee
   (+5).
 j - the +0 pair of boots "Zucloxu" (melded) {rPois rF+ Str+8 Int+3}
   (You acquired it in the Dungeon)

   Str:       It affects your strength (+8).
   Int:       It affects your intelligence (+3).
   rF:        It protects you from fire.
   rPois:     It protects you from poison.
 w - a +5 tower shield of reflection (melded)
 x - a +2 cloak of preservation (melded)
 z - the +4 dragonskin cloak
   (You took it off Tiamat in the Dungeon)

   It grants the wearer a chance to resist fire, cold, poison, electricity,
   acid, and negative energy.
 E - a +2 plate armour of fire resistance
 X - the +0 pair of gloves "Kicuokeu" {Rampage}
   (You found it in the Dungeon)

   Rampage:   It bestows one free step when moving towards enemies.
Jewellery
 p - the ring "Yzoriedo" {Will+ rCorr Slay+4}
   (You acquired it in the Dungeon)

   [ring of resist corrosion]

   Slay:      It affects your accuracy & damage with ranged weapons and melee
   (+4).
   rCorr:     It protects you from acid and corrosion.
   Will:      It increases your willpower.
 q - a ring of see invisible
 r - the ring of Immorality {rPois rF- AC+4 Int+9 Dex-3}
   (You found it in the Dungeon)

   [ring of protection]

   AC:        It affects your AC (+4).
   Int:       It affects your intelligence (+9).
   Dex:       It affects your dexterity (-3).
   rF:        It makes you vulnerable to fire.
   rPois:     It protects you from poison.
 D - the amulet "Goitara" (around neck) {Faith Harm rF++ Regen+ Stlth-}
   (You bought it in a shop in the Dungeon)

   [amulet of faith]

   It allows you to gain divine favour quickly.
   rF:        It greatly protects you from fire.
   Regen:     It increases your rate of health regeneration.
   Harm:      It increases damage dealt and taken.
   Stlth:     It makes you less stealthy.
 M - the ring of Muzisaq (right hypha) {rElec rC- rN+++ Will- Str+6}
   (You found it in the Dungeon)

   [ring of strength]

   Str:       It affects your strength (+6).
   rC:        It makes you vulnerable to cold.
   rElec:     It insulates you from electricity.
   rN:        It renders you almost immune to negative energy.
   Will:      It decreases your willpower.
 O - a ring of protection from fire
 Q - the ring "Asasulytta" (left hypha) {Fly EV+4}
   (You bought it in a shop in the Dungeon)

   [ring of evasion]

   EV:        It affects your evasion (+4).
   Fly:       It grants you flight.
 R - the ring "Utiel" {rF+ rC+ Int+3}
   (You found it in the Dungeon)

   [ring of protection from fire]

   Int:       It affects your intelligence (+3).
   rF:        It protects you from fire.
   rC:        It protects you from cold.
 V - the ring "Juxem" {rF+ rC- rCorr Str+6 Dex+2}
   (You took it off a royal mummy in the Dungeon)

   [ring of strength]

   Str:       It affects your strength (+6).
   Dex:       It affects your dexterity (+2).
   rF:        It protects you from fire.
   rC:        It makes you vulnerable to cold.
   rCorr:     It protects you from acid and corrosion.
 Y - the ring of Doelaybb {rF+ Int+2}
   (You found it in the Dungeon)

   [ring of protection from fire]

   Int:       It affects your intelligence (+2).
   rF:        It protects you from fire.
Wands
 u - a wand of mindburst (27)
 I - a wand of acid (3)
 N - a wand of paralysis (7)
 S - a wand of digging (25)
Scrolls
 c - 3 scrolls of immolation
 k - a scroll of enchant armour
 F - a scroll of vulnerability
 L - 2 scrolls of silence
 P - a scroll of fog
 W - a scroll of summoning
Potions
 d - 11 potions of heal wounds
 e - 2 potions of haste
 f - 3 potions of magic
 g - 2 potions of berserk rage
 l - 6 potions of flight
 s - 4 potions of attraction
 t - a potion of brilliance {unknown}
 v - 7 potions of curing
 C - 3 potions of resistance
 G - 3 potions of ambrosia
 K - 3 potions of cancellation
Miscellaneous
 h - a phantom mirror
 o - a lightning rod (4/4)
 J - a box of beasts
 U - the horn of Geryon
 Z - a tin of tremorstones (2/2)


   Skills:
 O Level 27 Fighting
 O Level 27 Long Blades
 O Level 27 Throwing
 O Level 27 Armour
 + Level 26.1 Dodging
 + Level 21.6 Stealth
 O Level 27 Shields
 + Level 26.4 Evocations


You had 18 spell levels left.
You didn't know any spells.
Your spell library was empty.

Dungeon Overview and Level Annotations

Branches:
Dungeon (1/1)

Altars:
Cheibriados
Dithmenos
Elyvilon
Fedhas
Gozag
Hepliaklqana
Kikubaaqudgha
Makhleb
Nemelex Xobeh
Okawaru
Qazlal
Ru
Sif Muna
Trog
Uskayaw
Vehumet
Wu Jian
Xom
Yredelemnul
Zin
The Shining One
Beogh
Jiyva
Lugonu

Shops:
D =(!?[=([!!![:[(!*[=?(![


Innate Abilities, Weirdness & Mutations

You are a sentient fungus.
You are tiny and evasive.
Your melee attack releases spores that confuse breathing creatures.
You become terrified and freeze when enemies are visible.
Your armour is entirely melded.
You are incapable of wielding weapons or throwing items.
You cannot cast spells.
((You have a pair of horns on your head.))
((You reflexively headbutt those who attack you in melee.))
((You have sharp toenails.))
Your body sometimes deteriorates upon taking damage.
Your magical capacity is low. (-10% MP)
((Your system is resistant to poisons. (rPois)))
You have hidden genetic potential.


Message History

You are engulfed in seething chaos.
You slash Usuggu! You burn Usuggu.
Usuggu is heavily wounded.
You are engulfed in seething chaos.
You fade into invisibility!
You block Usuggu's attack.
You slash Usuggu! You headbutt Usuggu, but do no damage.
Usuggu is heavily wounded.
You slash Usuggu! You burn Usuggu. You headbutt Usuggu, but do no damage.
Usuggu is heavily wounded.
Usuggu hits you but does no damage.
You slash Usuggu!
Usuggu is severely wounded.
You feel yourself slow down.
Unknown command.
You hit Usuggu but do no damage.
Usuggu is severely wounded.
You suddenly lose the ability to move!
Usuggu gestures at you.
Usuggu conjures a mighty blast of ice!
The great icy blast engulfs you!!!! You partially resist.
You are encased in ice.
You turn into a sentient fungus.
The +11 demon blade of Olouqim {flame, rElec rC+++ Will- rCorr} melds into your body.
Your +2 cloak of preservation melds into your body.
The +3 pair of gauntlets of War {Slay+5} melds into your body.
The +0 pair of boots "Zucloxu" {rPois rF+ Str+8 Int+3} melds into your body.
Your +5 tower shield of reflection melds into your body.
The +4 plate armour of the Big Bang {+Blink rPois Regen+ rCorr} melds into your body.
The +11 demon blade of Olouqim {flame, rElec rC+++ Will- rCorr} stops flaming.
A nearby plant withers and dies.
Usuggu gestures at you.
Usuggu conjures a mighty blast of ice!
The great icy blast engulfs you!!!!
You feel a painful chill!
* * * LOW HITPOINT WARNING * * *
You fade further into invisibility.
Usuggu gestures at you.
Usuggu conjures a mighty blast of ice!
The great icy blast engulfs you!!!!
You feel a painful chill!
You die...

:...'..+..≈≈'..#≈≈.≈.≈.▓..'..#...
..###..#≈≈≈.#..#.≈.≈.≈.▓#########
.##∩#..#.).)#..#...≈)..▓▓▓▓▓▓▓▓▓▓
.#..#..####)#######'###▓.'....▓..
'#)##..#.#.#.#.#.#.#)# ▓.▓^^..▓.▓
['..'..'#.#.#.#†#.#.#.#▓X▓)..^▓..
)####..#.#.#.#.#.#.#.#.▓.▓'▓▓▓▓▓)
[#.########▓▓▓▓▓▓▓▓▓▓▓▓▓.▓))..▓..
##.#.°.....▓§§§§f&§.P▓.'.▓....▓.▓
...#.°○....▓§§§§▓.§..▓.▓▓▓)...▓..
...'°(....)§§§§.▓3..P▓.▓)+)...▓▓.
...#☼(☼....▓§§..▓P...▓)▓.▓▓▓▓▓▓..
##'#.°.....▓☼...▓P^^.▓)▓.)....'.▓
...########▓...(▓PP..'.▓▓▓▓▓▓▓▓▓▓
▓▓▓▓ ▓▓▓▓▓▓▓▓▓▓▓▓▓


You could see Usuggu (clouds) and a sixfirhy (agile, petrified).

Vanquished Creatures
  Antaeus (D)
  Gloorx Vloq (D)
  Ereshkigal (D)
  the Serpent of Hell (D)
  Tiamat (D)
  Dispater (D)
  An ancient lich (D)
  An orb of fire (D)
  Mennas (D)
  Mara (D)
  Sojobo (D)
  7 royal mummies (D)
  A Killer Klown (D)
  Geryon (D)
  Nikola (D)
  2 golden dragons (D)
  Nellie (D)
  An iron giant (D)
  A Brimstone Fiend (D)
  2 Hell Sentinels (D)
  2 pandemonium lords (D)
  Rupert (D)
  2 deep elf blademasters (D)
  2 liches (D)
  2 titans (D)
  5 Ice Fiends (D)
  3 Orb Guardians (D)
  5 acid blobs (D)
  A deep elf master archer (D)
  2 sphinxes (D)
  Gastronok (D)
  Frances (D)
  Polyphemus (D)
  Chuck (D)
  An ancient champion (D)
  2 Executioners (D)
  2 rockslimes (D)
  Donald (D)
  Ilsuiw (D)
  2 storm dragons (D)
  Roxanne (D)
  2 shadow dragons (D)
  8 azure jellies (D)
  An iron dragon (D)
  4 frost giants (D)
  2 draconian knights (D)
  2 fire giants (D)
  A balrug (D)
  2 draconian scorchers (D)
  2 draconian stormcallers (D)
  A draconian shifter (D)
  3 ghost moths (D)
  4 war gargoyles (D)
  4 vampire knights (D)
  2 stone giants (D)
  3 quicksilver oozes (D)
  Nessos (D)
  A deep elf demonologist (D)
  Azrael (D)
  A yellow draconian (D)
  2 dire elephants (D)
  An iron golem (D)
  A merfolk javelineer (D)
  A fire dragon (D)
  8 mummy priests (D)
  2 deep elf high priests (D)
  5 yaktaur captains (D)
  A naga warrior (D)
  2 hell beasts (D)
  2 hydras (D)
  An ogre mage (D)
  16 vault guards (D)
  2 iron elementals (D)
  5 anacondas (D)
  3 centaur warriors (D)
  An alligator (shapeshifter) (D)
  4 dancing weapons (D)
  Erica (D)
  4 death yaks (D)
  2 soul eaters (D)
  Urug (D)
  A deep elf knight (D)
  5 sun demons (D)
  A death drake (D)
  A shadow wraith (D)
  A golden dragon zombie (D)
  11 skeletal warriors (D)
  A glowing orange brain (D)
  A sea snake (D)
  An orb spider (shapeshifter) (D)
  An anaconda zombie (D)
  A spriggan druid (D)
  An obsidian statue (D)
  3 kraken simulacra (D)
  2 orange crystal statues (D)
  A large abomination (D)
  6 deep elf pyromancers (D)
  A spectral iron dragon (D)
  A lindwurm (D)
  3 orc knights (D)
  2 deep elf zephyrmancers (D)
  2 oklob plants (D)
  3 ugly things (D)
  4 crystal guardians (D)
  3 shining eyes (D)
  A moth of wrath (D)
  A moth of wrath (shapeshifter) (D)
  3 rust devils (D)
  2 elephants (D)
  5 black mambas (D)
  A guardian serpent (D)
  An iron troll simulacrum (D)
  A molten gargoyle (D)
  8 statues (D)
  2 unseen horrors (D)
  2 cane toads (D)
  A rime drake (D)
  6 hellions (D)
  3 ice devils (D)
  10 yaktaurs (D)
  A komodo dragon (D)
  A hellwing (D)
  25 guardian mummies (D)
  An anaconda simulacrum (D)
  A queen bee (D)
  4 spriggan defenders (D)
  12 slime creatures (D)
  2 tyrant leeches (D)
  2 orc high priests (D)
  3 hornets (D)
  8 blink frogs (D)
  3 dream sheep (D)
  2 spriggans (D)
  10 shadows (D)
  A golden eye (D)
  3 redbacks (D)
  A spatial vortex (D)
  A naga (D)
  2 water moccasins (D)
  3 hydra simulacra (D)
  3 floating eyes (D)
  A black bear (shapeshifter) (D)
  2 orc warriors (D)
  A swamp drake (D)
  3 wandering mushrooms (D)
  A fire dragon simulacrum (D)
  A black mamba simulacrum (D)
  2 centaurs (D)
  A small abomination (D)
  An earth elemental (D)
  A necrophage (D)
  A water elemental (D)
  A scorpion (D)
  32 killer bees (D)
  3 electric eels (D)
  8 quasits (D)
  A jelly (D)
  4 orc priests (D)
  Jessica (D)
  A wizard (D)
  3 necromancers (D)
  5 orc wizards (D)
  A wolf simulacrum (D)
  A kobold demonologist (D)
  3 humans (D)
  4 adders (D)
  An adder zombie (D)
  8 orcs (D)
  An endoplasm (D)
  A bat simulacrum (D)
  A quokka simulacrum (D)
  2 rats (D)
  6 butterflies (D)
  5 plants (D)
  A tentacle (D)
479 creatures vanquished.

Vanquished Creatures (collateral kills)
  the Royal Jelly (D)
  A royal mummy (D)
  Boris (D)
  A Hell Sentinel (D)
  An acid blob (D)
  A nagaraja (D)
  A draconian stormcaller (D)
  A titan zombie (D)
  A yaktaur (D)
  2 guardian mummies (D)
  A naga (D)
12 creatures vanquished.

Vanquished Creatures (others)
  A deep elf annihilator (D)
  A statue (D)
  A yaktaur (D)
  2 electric eels (D)
  7 ball lightnings (D)
  A ballistomycete spore (D)
  A bush (D)
  31 plants (D)
  8 tentacles (D)
53 creatures vanquished.

Grand Total: 544 creatures vanquished

Notes
Turn   | Place    | Note
-------+----------+-------------------------------------------
     0 | D        | mhtbhm the Minotaur Berserker began the quest for the Orb.
     0 | D        | Reached XP level 1. HP: 19/19 MP: 0/0
    22 | D        | Noticed Jessica
    26 | D        | Reached ** piety under Trog
    33 | D        | Killed Jessica
    34 | D        | Reached skill level 5 in Fighting
    34 | D        | Reached skill level 5 in Long Blades
    34 | D        | Reached XP level 2. HP: 30/30 MP: 1/1
    34 | D        | Reached XP level 3. HP: 37/37 MP: 2/2
   162 | D        | Noticed a scorpion
   169 | D        | Killed a scorpion
   170 | D        | Reached skill level 1 in Throwing
   170 | D        | Reached XP level 4. HP: 47/47 MP: 3/3
   246 | D        | Gained mutation: You are agile. (Dex +2) [potion of
                  | mutation]
   246 | D        | Gained mutation: You are robust. (+10% HP) [potion of
                  | mutation]
   305 | D        | Noticed a water elemental
   311 | D        | Killed a water elemental
   311 | D        | Reached *** piety under Trog
   312 | D        | Reached XP level 5. HP: 60/60 MP: 4/4
   403 | D        | Found a basalt altar of Yredelemnul.
   403 | D        | Found a shadowy altar of Dithmenos.
   403 | D        | Found a sacrificial altar of Ru.
   423 | D        | Reached skill level 10 in Long Blades
   423 | D        | Reached skill level 5 in Armour
   526 | D        | Found a hide-covered altar of Uskayaw.
   526 | D        | Found an iron altar of Okawaru.
   526 | D        | Found a bloodstained altar of Trog.
   526 | D        | Found an ornate altar of the Wu Jian Council.
   526 | D        | Noticed a human
   527 | D        | Noticed a human
   534 | D        | Killed a human
   534 | D        | Reached **** piety under Trog
   535 | D        | Reached skill level 10 in Fighting
   535 | D        | Reached skill level 5 in Dodging
   535 | D        | Reached XP level 6. HP: 72/72 MP: 5/5
   543 | D        | Killed a human
   544 | D        | Reached XP level 7. HP: 24/80 MP: 6/6
   780 | D        | Found a radiant altar of Vehumet.
   780 | D        | Found a shimmering blue altar of Sif Muna.
   780 | D        | Found an ancient bone altar of Kikubaaqudgha.
   785 | D        | Reached ***** piety under Trog
   831 | D        | Found a glowing silver altar of Zin.
   831 | D        | Found a glowing golden altar of the Shining One.
   831 | D        | Found a white marble altar of Elyvilon.
   832 | D        | Noticed a deep elf pyromancer
   839 | D        | Killed a deep elf pyromancer
   840 | D        | Reached skill level 1 in Stealth
   840 | D        | Reached XP level 8. HP: 91/91 MP: 7/7
  1020 | D        | Found a blossoming altar of Fedhas.
  1020 | D        | Found a stormy altar of Qazlal.
  1020 | D        | Found a snail-covered altar of Cheibriados.
  1020 | D        | Found a burning altar of Makhleb.
  1020 | D        | Found a shimmering altar of Xom.
  1027 | D        | Found a hazy altar of Hepliaklqana.
  1027 | D        | Found an opulent altar of Gozag.
  1027 | D        | Found a sparkling altar of Nemelex Xobeh.
  1027 | D        | Found a corrupted altar of Lugonu.
  1027 | D        | Found a viscous altar of Jiyva.
  1033 | D        | Reached skill level 15 in Long Blades
  1170 | D        | Noticed Erica
  1175 | D        | Killed Erica
  1175 | D        | Identified the +11 demon blade of Olouqim {flame, rElec
                  | rC+++ Will- rCorr} (Trog gifted it to you in the Dungeon)
  1175 | D        | Received a gift from Trog
  1227 | D        | Reached XP level 9. HP: 60/103 MP: 8/8
  1386 | D        | Noticed a centaur warrior
  1391 | D        | Killed a centaur warrior
  1539 | D        | Killed an unseen horror
  1556 | D        | Killed an unseen horror
  1736 | D        | Noticed a wandering mushroom
  1740 | D        | Noticed a wandering mushroom
  1742 | D        | Noticed a wandering mushroom
  1857 | D        | Killed a wandering mushroom
  1857 | D        | Reached ****** piety under Trog
  1858 | D        | Reached skill level 15 in Fighting
  1861 | D        | Killed a wandering mushroom
  1861 | D        | Received a gift from Trog
  1862 | D        | Reached skill level 5 in Throwing
  1878 | D        | Noticed a cane toad
  1878 | D        | Noticed a komodo dragon
  1878 | D        | Noticed a cane toad
  1887 | D        | Killed a cane toad
  1888 | D        | Reached XP level 10. HP: 45/116 MP: 9/9
  1890 | D        | Killed a cane toad
  2579 | D        | Noticed a lindwurm
  2586 | D        | Killed a lindwurm
  2587 | D        | Reached skill level 10 in Dodging
  2587 | D        | Reached skill level 5 in Stealth
  2604 | D        | Noticed Urug
  2606 | D        | Killed Urug
  2606 | D        | Received a gift from Trog
  2624 | D        | Noticed a six-headed hydra
  2624 | D        | Noticed a four-headed hydra
  2636 | D        | Killed a one-headed hydra
  2805 | D        | Killed a three-headed hydra
  2806 | D        | Reached skill level 10 in Armour
  2807 | D        | Noticed a death drake
  2813 | D        | Killed a death drake
  2814 | D        | Reached XP level 11. HP: 129/129 MP: 10/10
  2950 | D        | Noticed an anaconda
  2955 | D        | Received a gift from Trog
  2958 | D        | Killed an anaconda
  3161 | D        | Received a gift from Trog
  3164 | D        | Identified the +8 dagger "Huhahitze" {freeze, rC+ rCorr}
  3165 | D        | Identified the ring of Immorality {rPois rF- AC+4 Int+9
                  | Dex-3}
  3386 | D        | Received a gift from Trog
  3404 | D        | Received a gift from Trog
  3420 | D        | Received a gift from Trog
  3534 | D        | Noticed an orc knight
  3536 | D        | Received a gift from Trog
  3547 | D        | Received a gift from Trog
  3554 | D        | Killed an orc knight
  3563 | D        | Received a gift from Trog
  3564 | D        | Found Gyoll's Antique Weapon Shop.
  3729 | D        | Noticed a deep elf pyromancer
  3729 | D        | Noticed a deep elf pyromancer
  3729 | D        | Noticed a deep elf pyromancer
  3729 | D        | Noticed a deep elf zephyrmancer
  3729 | D        | Noticed a deep elf zephyrmancer
  3737 | D        | Killed a deep elf zephyrmancer
  3741 | D        | Killed a deep elf zephyrmancer
  3742 | D        | Reached skill level 1 in Evocations
  3744 | D        | Killed a deep elf pyromancer
  3749 | D        | Killed a deep elf pyromancer
  3753 | D        | Noticed a deep elf pyromancer
  3755 | D        | Killed a deep elf pyromancer
  3873 | D        | Noticed a deep elf master archer
  3994 | D        | Noticed Donald
  3994 | D        | Noticed Frances
  4009 | D        | Killed Frances
  4009 | D        | Received a gift from Trog
  4010 | D        | Reached XP level 12. HP: 146/146 MP: 11/11
  4016 | D        | Killed Donald
  4357 | D        | Received a gift from Trog
  4358 | D        | Reached skill level 1 in Shields
  4405 | D        | Found Mebburi's Antique Armour Emporium.
  4405 | D        | Found Bicvi's Distillery.
  4405 | D        | Found Xupleis's Armour Shoppe.
  4405 | D        | Found Huuzelec's Assorted Antiques.
  4405 | D        | Found Ehar's Jewellery Emporium.
  4405 | D        | Found Bopsoqu Gips's Antique Weapon Shoppe.
  4405 | D        | Found Noklu's Distillery.
  4405 | D        | Found Sielerph's Armour Shop.
  4405 | D        | Found Iguadel's Antique Weapon Emporium.
  4405 | D        | Found Xufi's Book Emporium.
  4405 | D        | Found Podwis's Magic Scroll Boutique.
  4444 | D        | Bought a scroll of blinking for 97 gold pieces
  4447 | D        | Bought the amulet "Goitara" {Faith Harm rF++ Regen+ Stlth-}
                  | for 883 gold pieces
  4455 | D        | Bought a pair of runed gloves for 157 gold pieces
  4462 | D        | Bought a potion of flight for 30 gold pieces
  4462 | D        | Bought a potion of haste for 100 gold pieces
  4462 | D        | Bought a potion of flight for 30 gold pieces
  4462 | D        | Bought 2 potions of heal wounds for 100 gold pieces
  4462 | D        | Bought a potion of heal wounds for 50 gold pieces
  4462 | D        | Bought a potion of might for 40 gold pieces
  4462 | D        | Bought a potion of curing for 30 gold pieces
  4466 | D        | Bought a scroll labelled KAEFOOKYBB for 21 gold pieces
  4466 | D        | Bought an orange potion for 18 gold pieces
  4466 | D        | Bought a scroll labelled JOYFEO SAEPN for 21 gold pieces
  4468 | D        | Bought a potion of heal wounds for 55 gold pieces
  4468 | D        | Bought a potion of curing for 33 gold pieces
  4468 | D        | Bought a potion of flight for 33 gold pieces
  4470 | D        | Bought a scroll of fear for 45 gold pieces
  4733 | D        | Noticed a centaur warrior
  4739 | D        | Killed a centaur warrior
  4746 | D        | Noticed a fire dragon
  4755 | D        | Killed a fire dragon
  4759 | D        | Received a gift from Trog
  4975 | D        | Noticed a yaktaur captain
  4981 | D        | Received a gift from Trog
  4982 | D        | Reached skill level 5 in Shields
  5015 | D        | Killed a yaktaur captain
  5062 | D        | Received a gift from Trog
  5070 | D        | Noticed a vampire knight
  5076 | D        | Killed a vampire knight
  5142 | D        | Received a gift from Trog
  5179 | D        | Reached XP level 13. HP: 159/161 MP: 12/12
  5186 | D        | Noticed a vampire knight
  5195 | D        | Killed a vampire knight
  5256 | D        | Received a gift from Trog
  5287 | D        | Received a gift from Trog
  5482 | D        | Identified a scroll of acquirement
  5490 | D        | Acquired the +4 kite shield of Iblua {rPois Str+3}
  5505 | D        | Noticed Chuck
  5507 | D        | Noticed a bunyip
  5507 | D        | a swamp worm changed into a bunyip
  5509 | D        | Identified the +5 great sword of the Whale {flame, Drain
                  | rPois rCorr Str+7} (Trog gifted it to you in the Dungeon)
  5509 | D        | Received a gift from Trog
  5515 | D        | Reached skill level 10 in Stealth
  5575 | D        | Killed Chuck
  5576 | D        | Reached skill level 15 in Armour
  5579 | D        | Identified the +5 fustibalus of Prudence {freeze, rPois}
  5624 | D        | Noticed Sojobo
  5633 | D        | Killed Sojobo
  5633 | D        | Received a gift from Trog
  5706 | D        | Noticed a lich
  5716 | D        | Killed a lich
  5847 | D        | Received a gift from Trog
  6235 | D        | Received a gift from Trog
  6272 | D        | Noticed a dire elephant
  6272 | D        | Noticed a dire elephant
  6272 | D        | Noticed Gastronok
  6278 | D        | Killed a dire elephant
  6283 | D        | Killed a dire elephant
  6285 | D        | Received a gift from Trog
  6292 | D        | Killed Gastronok
  6293 | D        | Reached skill level 10 in Shields
  6346 | D        | Noticed an azure jelly
  6346 | D        | Noticed an azure jelly
  6346 | D        | Noticed an azure jelly
  6347 | D        | Noticed an azure jelly
  6350 | D        | Noticed Rupert
  6429 | D        | Received a gift from Trog
  6439 | D        | Reached skill level 15 in Dodging
  6451 | D        | Reached XP level 14. HP: 178/178 MP: 13/13
  6452 | D        | Received a gift from Trog
  6469 | D        | Noticed a nagaraja
  6471 | D        | Found Rugirghawk's Magic Scroll Shop.
  6471 | D        | Found Firieshra's Antique Armour Shoppe.
  6475 | D        | Found Edonimno's Jewellery Boutique.
  6487 | D        | Killed a nagaraja
  6487 | D        | Received a gift from Trog
  6636 | D        | Bought an embroidered cloak for 180 gold pieces
  6656 | D        | Got a serpentine rune of Zot
  6724 | D        | Found a blossoming altar of Fedhas.
  6735 | D        | Received a gift from Trog
  7094 | D        | Noticed Boris
  7100 | D        | Received a gift from Trog
  7124 | D        | Killed Boris
  7193 | D        | Received a gift from Trog
  7229 | D        | Found Gueloq's Distillery.
  7229 | D        | Found Amott's Distillery.
  7229 | D        | Found Dotul's Distillery.
  7229 | D        | Found Diax's Armour Shoppe.
  7309 | D        | Bought a potion of might for 44 gold pieces
  7309 | D        | Bought 2 potions of might for 88 gold pieces
  7309 | D        | Bought a potion of heal wounds for 55 gold pieces
  7309 | D        | Bought a potion of resistance for 110 gold pieces
  7311 | D        | Bought a potion of curing for 36 gold pieces
  7311 | D        | Bought a potion of heal wounds for 60 gold pieces
  7311 | D        | Bought a potion of haste for 120 gold pieces
  7311 | D        | Bought a potion of heal wounds for 60 gold pieces
  7311 | D        | Bought a potion of curing for 36 gold pieces
  7311 | D        | Bought a potion of haste for 120 gold pieces
  7312 | D        | Bought a potion of might for 52 gold pieces
  7312 | D        | Bought a potion of might for 52 gold pieces
  7312 | D        | Bought a potion of heal wounds for 65 gold pieces
  7312 | D        | Bought a potion of flight for 39 gold pieces
  7315 | D        | Noticed Roxanne
  7330 | D        | Killed Roxanne
  7368 | D        | Received a gift from Trog
  7439 | D        | Found Qoerauso's Armour Boutique.
  7449 | D        | Received a gift from Trog
  7530 | D        | Noticed a black draconian knight
  7530 | D        | Noticed a black draconian knight
  7550 | D        | Killed a black draconian knight
  7551 | D        | Reached skill level 15 in Shields
  7561 | D        | Killed a black draconian knight
  7561 | D        | Received a gift from Trog
  7562 | D        | Reached skill level 27 in Fighting
  7664 | D        | Noticed an Executioner
  7668 | D        | Killed an Executioner
  7718 | D        | Noticed Nessos
  7724 | D        | Killed Nessos
  7728 | D        | Received a gift from Trog
  7831 | D        | Received a gift from Trog
  7832 | D        | Reached skill level 27 in Long Blades
  7884 | D        | Noticed Nikola
  7884 | D        | Noticed a storm dragon
  7909 | D        | Killed a storm dragon
  7945 | D        | Killed Nikola
  8008 | D        | Identified the +11 falchion of Soraga {vorpal, rF+ rCorr
                  | SInv} (Trog gifted it to you in the Dungeon)
  8008 | D        | Received a gift from Trog
  8037 | D        | Reached XP level 15. HP: 191/191 MP: 14/14
  8184 | D        | Noticed Azrael
  8189 | D        | Killed Azrael
  8189 | D        | Received a gift from Trog
  8214 | D        | Acquired 968 gold pieces
  8274 | D        | Received a gift from Trog
  8281 | D        | Killed a deep elf master archer
  8283 | D        | Received a gift from Trog
  8351 | D        | Identified the ring of Muzisaq {rElec rC- rN+++ Will-
                  | Str+6}
  8357 | D        | Identified the +11 shortbow of Bread {flame, Int+3 Stlth+}
  8498 | D        | Paralysed by Rupert for 4 turns
  8507 | D        | Killed Rupert
  8564 | D        | Received a gift from Trog
  8565 | D        | Reached skill level 5 in Evocations
  8644 | D        | Killed an azure jelly
  8649 | D        | Killed an azure jelly
  8653 | D        | Killed an azure jelly
  8653 | D        | Received a gift from Trog
  8657 | D        | Killed an azure jelly
  8694 | D        | Noticed Polyphemus
  8702 | D        | Received a gift from Trog
  8717 | D        | Killed Polyphemus
  8725 | D        | Noticed Ilsuiw
  8726 | D        | Found Ippiloi Efre's Jewellery Shoppe.
  8745 | D        | Killed Ilsuiw
  8787 | D        | Found Duttyix's Antique Weapon Boutique.
  8788 | D        | Found Puegidde's Distillery.
  8814 | D        | Received a gift from Trog
  8829 | D        | Got a barnacled rune of Zot
  8844 | D        | Bought the ring "Asasulytta" {Fly EV+4} for 451 gold pieces
  8846 | D        | Bought a potion of heal wounds for 50 gold pieces
  8846 | D        | Bought a potion of haste for 100 gold pieces
  8846 | D        | Bought a potion of might for 40 gold pieces
  9061 | D        | Noticed a sphinx
  9061 | D        | Noticed a sphinx
  9063 | D        | Paralysed by a sphinx for 3 turns
  9076 | D        | Killed a sphinx
  9080 | D        | Killed a sphinx
  9080 | D        | Received a gift from Trog
  9272 | D        | Received a gift from Trog
  9392 | D        | Noticed a royal mummy
  9392 | D        | Noticed a royal mummy
  9392 | D        | Found the +7 Singing Sword {vorpal, sonic wave}
  9393 | D        | Received a gift from Trog
  9395 | D        | Noticed an emperor scorpion
  9395 | D        | Noticed an emperor scorpion
  9395 | D        | Received a gift from Trog
  9674 | D        | Noticed an emperor scorpion
  9674 | D        | Noticed an emperor scorpion
  9674 | D        | Noticed an emperor scorpion
  9682 | D        | Killed a royal mummy
  9682 | D        | Received a gift from Trog
  9823 | D        | Paralysed by a Zot trap for 2 turns
  9957 | D        | Killed a royal mummy
 10019 | D        | Got a golden rune of Zot
 10027 | D        | Identified the ring "Utiel" {rF+ rC+ Int+3}
 10032 | D        | Identified the +8 flail "Uckytix" {vamp, rPois}
 10048 | D        | Acquired 794 gold pieces
 10054 | D        | Acquired 623 gold pieces
 10058 | D        | Acquired the +3 pair of gauntlets of War {Slay+5}
 10058 | D        | Found the +3 pair of gauntlets of War {Slay+5}
 10074 | D        | Acquired 1233 gold pieces
 10078 | D        | Acquired the ring "Yzoriedo" {Will+ rCorr Slay+4}
 10215 | D        | Noticed a shadow dragon
 10215 | D        | Noticed a shadow dragon
 10224 | D        | Killed a shadow dragon
 10224 | D        | Received a gift from Trog
 10225 | D        | Reached XP level 16. HP: 196/201 MP: 15/15
 10234 | D        | Killed a shadow dragon
 10355 | D        | Noticed a golden dragon
 10355 | D        | Noticed a titan
 10355 | D        | Noticed a titan
 10355 | D        | Noticed a golden dragon
 10361 | D        | Received a gift from Trog
 10363 | D        | Received a gift from Trog
 10364 | D        | Reached skill level 27 in Shields
 10364 | D        | Reached skill level 10 in Evocations
 10364 | D        | Received a gift from Trog
 10367 | D        | Killed a golden dragon
 10370 | D        | Killed a titan
 10371 | D        | Received a gift from Trog
 10382 | D        | Killed a golden dragon
 10386 | D        | Killed a titan
 10390 | D        | Received a gift from Trog
 10394 | D        | Received a gift from Trog
 10395 | D        | Reached skill level 27 in Armour
 10456 | D        | Got a silver rune of Zot
 10459 | D        | Identified the +1 scale mail of the Big Bang {Will+ Str+2
                  | Slay+3}
 10486 | D        | Acquired the +0 pair of boots "Zucloxu" {rPois rF+ Str+8
                  | Int+3}
 10649 | D        | Bought a scroll of identify for 26 gold pieces
 10649 | D        | Bought a scroll of identify for 26 gold pieces
 10649 | D        | Bought a scroll of identify for 26 gold pieces
 10683 | D        | Noticed Mennas
 10706 | D        | Killed Mennas
 10707 | D        | Reached skill level 15 in Evocations
 10759 | D        | Identified the +9 falchion "Worm's Wrath" {vorpal, Stlth+}
                  | (Trog gifted it to you in the Dungeon)
 10759 | D        | Received a gift from Trog
 10929 | D        | Noticed Geryon
 10943 | D        | Received a gift from Trog
 10957 | D        | Killed Geryon
 10959 | D        | Received a gift from Trog
 11112 | D        | Noticed an iron giant
 11125 | D        | Reached skill level 10 in Throwing
 11129 | D        | Killed an iron giant
 11129 | D        | Received a gift from Trog
 11266 | D        | Received a gift from Trog
 11303 | D        | Noticed a Hell Sentinel
 11318 | D        | Killed a Hell Sentinel
 11321 | D        | Identified the +4 plate armour of the Big Bang {+Blink
                  | rPois Regen+ rCorr}
 11321 | D        | Identified the +0 pair of gloves "Kicuokeu" {Rampage}
 11385 | D        | Noticed a Hell Sentinel
 11385 | D        | Found the +4 staff of Dispater
 11385 | D        | Noticed Dispater
 11390 | D        | Noticed a Hell Sentinel
 11393 | D        | Noticed a Hell Sentinel
 11402 | D        | Killed a Hell Sentinel
 11403 | D        | Reached XP level 17. HP: 167/210 MP: 16/16
 11422 | D        | Killed Dispater
 11422 | D        | Received a gift from Trog
 11429 | D        | HP: 6/210 [Hell Sentinel/damnation (44)]
 11430 | D        | Killed a Hell Sentinel
 11440 | D        | Got an iron rune of Zot
 11441 | D        | Identified the ring "Forget-Me-Not" {rC+ MP+9 Stlth+}
 11443 | D        | Identified the ring of Doelaybb {rF+ Int+2}
 11508 | D        | Identified the +3 double sword "Ethereal Pendulum" {vorpal,
                  | *Slow rElec Str+3} (Trog gifted it to you in the Dungeon)
 11508 | D        | Received a gift from Trog
 11519 | D        | Noticed Gloorx Vloq
 11533 | D        | Killed Gloorx Vloq
 11534 | D        | Reached skill level 15 in Throwing
 11534 | D        | Reached skill level 15 in Stealth
 11542 | D        | Noticed a royal mummy
 11550 | D        | Killed a royal mummy
 11550 | D        | Identified the +1 double sword "Ucanid" {flame, rPois rN+++
                  | Dex-2} (Trog gifted it to you in the Dungeon)
 11550 | D        | Received a gift from Trog
 11637 | D        | Noticed a royal mummy
 11637 | D        | Noticed a royal mummy
 11665 | D        | Killed a royal mummy
 11672 | D        | Killed a royal mummy
 11849 | D        | Noticed a royal mummy
 11864 | D        | Killed a royal mummy
 11864 | D        | Received a gift from Trog
 12100 | D        | Received a gift from Trog
 12100 | D        | Received a gift from Trog
 12105 | D        | Received a gift from Trog
 12105 | D        | Noticed Ereshkigal
 12106 | D        | Noticed a royal mummy
 12149 | D        | Paralysed by Ereshkigal for 6 turns
 12156 | D        | Noticed a Tzitzimitl
 12160 | D        | Noticed a Tzitzimitl
 12161 | D        | Noticed a Tzitzimitl
 12161 | D        | Killed Ereshkigal
 12161 | D        | Identified the +2 long sword of the Present {vorpal, Dex+3}
                  | (Trog gifted it to you in the Dungeon)
 12161 | D        | Received a gift from Trog
 12233 | D        | Identified the ring "Juxem" {rF+ rC- rCorr Str+6 Dex+2}
 12234 | D        | Noticed a royal mummy
 12244 | D        | Killed a royal mummy
 12244 | D        | Received a gift from Trog
 12256 | D        | Killed a royal mummy
 12485 | D        | Got a bone rune of Zot
 12553 | D        | Noticed an Ice Fiend
 12556 | D        | Killed an Ice Fiend
 12556 | D        | Received a gift from Trog
 12635 | D        | Noticed an Ice Fiend
 12638 | D        | Killed an Ice Fiend
 12805 | D        | Noticed an Ice Fiend
 12812 | D        | Killed an Ice Fiend
 12959 | D        | Bought 2 potions of cancellation for 208 gold pieces
 12959 | D        | Bought a potion of cancellation for 104 gold pieces
 12959 | D        | Bought a potion of attraction for 39 gold pieces
 13005 | D        | Noticed Mara
 13012 | D        | Noticed mhtbhm's illusion
 13017 | D        | Noticed mhtbhm's illusion
 13022 | D        | Killed Mara
 13026 | D        | Paralysed by a vampire knight for 6 turns
 13036 | D        | Received a gift from Trog
 13041 | D        | Paralysed by something for 2 turns
 13088 | D        | Received a gift from Trog
 13089 | D        | Identified the +2 robe "Atriripe" {Rampage rElec Slay+5}
 13281 | D        | Bought a scroll of identify for 24 gold pieces
 13281 | D        | Bought a scroll of fog for 24 gold pieces
 13281 | D        | Bought a scroll of identify for 24 gold pieces
 13281 | D        | Bought a scroll of fog for 24 gold pieces
 13281 | D        | Bought a scroll of summoning for 114 gold pieces
 13421 | D        | Bought a potion of curing for 30 gold pieces
 13516 | D        | Noticed Nellie
 13536 | D        | Killed Nellie
 13541 | D        | Got a demonic rune of Zot
 13711 | D        | Noticed an acid blob
 13725 | D        | Killed an acid blob
 13728 | D        | Received a gift from Trog
 13743 | D        | Noticed an acid blob
 13759 | D        | Reached XP level 18. HP: 169/220 MP: 17/17
 13769 | D        | Gained mutation: Armour fits poorly on your strangely
                  | shaped body. [a shining eye]
 13771 | D        | Lost mutation: You are robust. (+10% HP) [potion of
                  | mutation]
 13771 | D        | Lost mutation: You are agile. (Dex +2) [potion of mutation]
 13771 | D        | Lost mutation: Armour fits poorly on your strangely shaped
                  | body. [potion of mutation]
 13771 | D        | Gained mutation: Your flesh is cold resistant. (rC+)
                  | [potion of mutation]
 13771 | D        | Gained mutation: You expend magic power (3 MP) to
                  | strengthen your wands. [potion of mutation]
 13771 | D        | Gained mutation: Your flesh is very cold resistant. (rC++)
                  | [potion of mutation]
 13799 | D        | Noticed the Royal Jelly
 13803 | D        | Found a viscous altar of Jiyva.
 13811 | D        | Killed the Royal Jelly
 13848 | D        | Got a slimy rune of Zot
 14104 | D        | Noticed the Serpent of Hell
 14109 | D        | Noticed a golden dragon
 14112 | D        | Noticed a Brimstone Fiend
 14115 | D        | Killed the Serpent of Hell
 14115 | D        | Received a gift from Trog
 14123 | D        | Killed a Brimstone Fiend
 14281 | D        | Received a gift from Trog
 14312 | D        | Got an obsidian rune of Zot
 14442 | D        | Noticed an Ice Fiend
 14448 | D        | Killed an Ice Fiend
 14514 | D        | Noticed Antaeus
 14547 | D        | Killed Antaeus
 14550 | D        | Got an icy rune of Zot
 14731 | D        | Noticed an Ice Fiend
 14736 | D        | Killed an Ice Fiend
 14842 | D        | Received a gift from Trog
 14965 | D        | Noticed a Killer Klown
 14989 | D        | Killed a Killer Klown
 14989 | D        | Received a gift from Trog
 15028 | D        | Noticed an Orb Guardian
 15028 | D        | Noticed an Orb Guardian
 15037 | D        | Killed an Orb Guardian
 15045 | D        | Killed an Orb Guardian
 15050 | D        | Received a gift from Trog
 15101 | D        | Noticed an ancient lich
 15108 | D        | Killed an ancient lich
 15108 | D        | Identified the +10 broad axe "Reetei Udwu" {antimagic, rC+
                  | Str+3 Dex+4} (Trog gifted it to you in the Dungeon)
 15108 | D        | Received a gift from Trog
 15281 | D        | Found the +4 dragonskin cloak
 15281 | D        | Noticed Tiamat
 15300 | D        | Killed Tiamat
 15304 | D        | Received a gift from Trog
 15379 | D        | Noticed an orb of fire
 15393 | D        | Gained mutation: Your mind is acute. (Int +2) [an orb of
                  | fire]
 15397 | D        | Killed an orb of fire
 15399 | D        | Noticed an Orb Guardian
 15403 | D        | Gained mutation: You are weak. (Str -2) [mutagenic glow]
 15409 | D        | Noticed an Orb Guardian
 15413 | D        | Gained mutation: You are frail. (-10% HP) [mutagenic glow]
 15426 | D        | Gained mutation: You are clumsy. (Dex -2) [mutagenic glow]
 15443 | D        | Gained mutation: You occasionally shout uncontrollably at
                  | your foes. [mutagenic glow]
 15478 | D        | Gained mutation: You are very clumsy. (Dex -4) [mutagenic
                  | glow]
 15556 | D        | Lost mutation: You expend magic power (3 MP) to strengthen
                  | your wands. [potion of mutation]
 15556 | D        | Lost mutation: You are weak. (Str -2) [potion of mutation]
 15556 | D        | Lost mutation: You are very clumsy. (Dex -4) [potion of
                  | mutation]
 15556 | D        | Lost mutation: You are frail. (-10% HP) [potion of
                  | mutation]
 15564 | D        | Noticed an Orb Guardian
 15565 | D        | Noticed an Orb Guardian
 15569 | D        | Lost mutation: You occasionally shout uncontrollably at
                  | your foes. [mutagenic glow]
 15572 | D        | Noticed an Orb Guardian
 15579 | D        | Paralysed by a floating eye for 4 turns
 15581 | D        | Noticed an Orb Guardian
 15585 | D        | Gained mutation: You are weak. (Str -2) [mutagenic glow]
 15596 | D        | Gained mutation: Your body sometimes deteriorates upon
                  | taking damage. [mutagenic glow]
 15605 | D        | Gained mutation: You are partially covered in iridescent
                  | scales. (AC +2) [mutagenic glow]
 15606 | D        | Got the Orb of Zot
 15621 | D        | Gained mutation: Your body often deteriorates upon taking
                  | damage. [mutagenic glow]
 15629 | D        | Gained mutation: Your magical capacity is low. (-10% MP)
                  | [mutagenic glow]
 15640 | D        | Gained mutation: Your magical capacity is very low. (-20%
                  | MP) [mutagenic glow]
 15652 | D        | Noticed Xutekh the pandemonium lord
 15652 | D        | Lost mutation: Your mind is acute. (Int +2) [mutagenic
                  | glow]
 15666 | D        | Killed Xutekh the pandemonium lord
 15674 | D        | Gained mutation: You are frail. (-10% HP) [mutagenic glow]
 15697 | D        | Noticed Iduseir the pandemonium lord
 15711 | D        | Killed Iduseir the pandemonium lord
 15713 | D        | Received a gift from Trog
 15721 | D        | Gained mutation: Your spells are a little easier to cast,
                  | but a little less powerful. [mutagenic glow]
 15755 | D        | Received a gift from Trog
 15756 | D        | Reached skill level 27 in Throwing
 15781 | D        | Lost mutation: You are frail. (-10% HP) [potion of
                  | mutation]
 15781 | D        | Lost mutation: You are clumsy. (Dex -2) [potion of
                  | mutation]
 15781 | D        | Gained mutation: You have hidden genetic potential. [potion
                  | of mutation]
 15781 | D        | Gained mutation: Your system is resistant to poisons.
                  | (rPois) [potion of mutation]
 15782 | D        | Lost mutation: Your flesh is very cold resistant. (rC++)
                  | [potion of mutation]
 15782 | D        | Lost mutation: You are partially covered in iridescent
                  | scales. (AC +2) [potion of mutation]
 15782 | D        | Lost mutation: Your magical capacity is very low. (-20% MP)
                  | [potion of mutation]
 15782 | D        | Gained mutation: You are very weak. (Str -4) [potion of
                  | mutation]
 15783 | D        | Lost mutation: Your flesh is cold resistant. (rC+) [potion
                  | of mutation]
 15783 | D        | Lost mutation: You are very weak. (Str -4) [potion of
                  | mutation]
 15783 | D        | Lost mutation: Your body often deteriorates upon taking
                  | damage. [potion of mutation]
 15783 | D        | Lost mutation: You are weak. (Str -2) [potion of mutation]
 15783 | D        | Lost mutation: Your spells are a little easier to cast, but
                  | a little less powerful. [potion of mutation]
 15783 | D        | Gained mutation: You have sharp toenails. [potion of
                  | mutation]
 15795 | D        | Noticed an Orb Guardian
 15804 | D        | Killed an Orb Guardian
 15819 | D        | Noticed a lich
 15821 | D        | Noticed Usuggu the pandemonium lord
 15825 | D        | Killed a lich
 15826 | D        | Reached XP level 19. HP: 207/207 MP: 16/16
 15834 | D        | Paralysed by you for 4 turns
 15836 | D        | Killed from afar by Usuggu the pandemonium lord

Illustrated notes

Levels and vault maps discovered:
D:        dungeon_sprint_mu [sprint_mu_entry_forest, sprint_mu_temple_rooms,
          sprint_mu_d1_horrors, sprint_mu_d2_genie, sprint_mu_d3_branching,
          sprint_mu_orc_legion, sprint_mu_elf_gauntlet, sprint_mu_hive_nellie,
          sprint_mu_lair_fedhas, sprint_mu_vaults_butterflies,
          sprint_mu_slime_circle, sprint_mu_shoals_archi,
          sprint_mu_snake_twists, sprint_mu_blade_basic,
          sprint_mu_crypt_chambers, sprint_mu_tomb_spiral,
          sprint_mu_vestibule_basic, sprint_mu_gehenna_hellfire,
          sprint_mu_dis_giant, sprint_mu_tartarus_statrot,
          sprint_mu_cocytus_islands, sprint_mu_zot1]

Skill      XL: |  1  2  3  4  5  6  7  8  9 10 11 12 13 14 15 16 17 18 |
---------------+-------------------------------------------------------+-----
Fighting       | 5 7 8 10 12 13 15 17 20 22 25 27 | 27.0
Long Blades    | 5 7 9 11 12 14 16 18 19 21 22 25 27 | 27.0
Armour         | 3 4 5 6 7 8 10 12 14 16 18 22 27 | 27.0
Dodging        | 3 4 5 6 7 9 11 12 13 15 16 18 19 22 26 | 26.1
Throwing       | 1 2 3 4 5 13 22 27 | 27.0
Stealth        | 1 2 4 7 8 9 11 12 13 14 17 21 | 21.6
Evocations     | 1 2 3 8 18 22 26 | 26.4
Shields        | 6 10 17 25 27 | 27.0

Action                   |  1- 3 |  4- 6 |  7- 9 | 10-12 | 13-15 | 16-18 | 19-21 || total
-------------------------+-------+-------+-------+-------+-------+-------+-------++-------
Melee: Falchion          |    24 |    38 |     7 |       |       |       |       ||    69
       Headbutt          |     3 |     7 |    18 |    55 |   142 |   236 |     3 ||   464
       Long sword        |       |       |    23 |       |       |       |       ||    23
       Demon blade       |       |       |    49 |   303 |   559 |   717 |     8 ||  1636
       Punch             |       |       |     3 |     1 |       |       |       ||     4
       Double sword      |       |       |       |       |       |     9 |       ||     9
Throw: Dart              |     6 |       |       |     2 |       |       |       ||     8
       Javelin           |       |       |       |       |       |     8 |       ||     8
Invok: Berserk           |     2 |     2 |     4 |     7 |    17 |    19 |       ||    51
       Brothers in Arms  |       |       |       |     1 |     4 |     9 |       ||    14
       Trog's Hand       |       |       |       |       |       |     4 |       ||     4
Evoke: Lightning rod     |       |       |       |     4 |     8 |     8 |       ||    20
       Wand              |       |       |       |     1 |     3 |     7 |       ||    11
       Box of beasts     |       |       |       |       |     1 |       |       ||     1
       Phantom mirror    |       |       |       |       |       |     2 |       ||     2
       Tin of tremorston |       |       |       |       |       |     3 |       ||     3
       Horn of Geryon    |       |       |       |       |       |     1 |       ||     1
  Use: Potion            |       |     1 |     1 |       |    10 |    33 |       ||    45
       Scroll            |       |       |       |       |    16 |    20 |       ||    36
 Stab: Sleeping          |       |       |     1 |     8 |    12 |       |       ||    21
       Distracted        |       |       |       |       |       |     7 |       ||     7
Armor: Animal skin       |     4 |     3 |       |       |       |       |       ||     7
       Leather armour    |       |       |     8 |     1 |       |       |       ||     9
       Scale mail        |       |       |       |    67 |    86 |       |       ||   153
       Plate armour      |       |       |       |       |    86 |   300 |     1 ||   387
Dodge: Dodged            |    13 |     9 |    25 |    99 |   146 |   204 |       ||   496
Block: Kite shield       |       |       |       |    30 |    14 |       |       ||    44
       Tower shield      |       |       |       |       |   282 |   552 |     3 ||   837
       Reflection        |       |       |       |       |    13 |    17 |       ||    30

Table legend: (Time is in decaauts) A = Elapsed time spent in this place. B = Non-inter-level travel time spent in this place. C = Inter-level travel time spent in this place. D = Time resting spent in this place. E = Time spent auto-exploring this place. F = Levels seen in this place. G = Mean time per level. A B C D E F G +--------+--------+--------+--------+--------+-----+--------+ Total | 15755 | 15405 | 350 | 8739 | 69 | 1 | 15755.0 | Dungeon | 15755 | 15405 | 350 | 8739 | 69 | 1 | 15755.0 | +--------+--------+--------+--------+--------+-----+--------+

Top non-repeatable levels by time:
       D: 15755 daAuts
